WLB
BALTIMORE ORIOLES @ MIAMI MARLINS
02/25/2024
 
TOP OF THE 1ST
Baltimore Orioles batting - Pitching for Miami Marlins : RHP Thomas Parsons
Pitching: RHP Thomas Parsons
Batting: LHB Michael Brantley 0-0: Foul Ball, location: 2F
0-1: Ball
1-1: Foul Ball, location: 2F
1-2: Ball
2-2: Foul Ball, location: 2F
2-2: Foul Ball, location: 25FF
2-2: Ball
3-2: Foul Ball, location: 5F
3-2: Base on Balls
Batting: RHB Michael Stefanic 0-0: Ball
1-0: Ball
Wild Pitch!
Michael Brantley to second
2-0: Called Strike
2-1: Called Strike
2-2: Strikes out swinging
Batting: LHB Jake Fraley 0-0: Fly out, F9 (Flyball, 9, EV 95.6 MPH)
Runner from 2nd tags up, SAFE at 3rd with throw by RF
Batting: LHB Matt Koperniak 0-0: Ball
1-0: Ground out 6-3 (Groundball, 6, EV 87.5 MPH)
Top of the 1st over - 0 runs, 0 hits, 0 errors, 1 left on base; Baltimore 0 - Miami 0
BOTTOM OF THE 1ST
Miami Marlins batting - Pitching for Baltimore Orioles : RHP Sean Burke
Pitching: RHP Sean Burke
Batting: LHB Andres Gimenez 0-0: Ball
1-0: Foul Ball, location: 7LMF
1-1: Called Strike
1-2: Ball
2-2: Ball
3-2: Ground out U3 (Groundball, 34S, EV 81.3 MPH)
Batting: RHB Delvin Perez 0-0: Foul Ball, location: 7LMF
0-1: Swinging Strike
0-2: Strikes out swinging
Batting: RHB Mark Canha 0-0: Ball
1-0: Ball
2-0: SINGLE (Line Drive, 6D, EV 95.0 MPH)
Batting: LHB Jason Heyward 0-0: Ball
1-0: Ball
2-0: Ball
3-0: Base on Balls
Mark Canha to second
Batting: RHB Evan Longoria 0-0: Swinging Strike
0-1: Ball
1-1: Foul Ball, location: 5F
1-2: Foul Ball, location: 2F
1-2: Strikes out swinging
Bottom of the 1st over - 0 runs, 1 hit, 0 errors, 2 left on base; Baltimore 0 - Miami 0
TOP OF THE 2ND
Baltimore Orioles batting - Pitching for Miami Marlins : RHP Thomas Parsons
Batting: RHB Travis d'Arnaud 0-0: Ball
1-0: Ball
2-0: Ball
3-0: Fly out, F9 (Line Drive, 89M, EV 92.5 MPH)
Batting: RHB Alfredo Rodriguez 0-0: Called Strike
0-1: Foul Ball, location: 7LDF
0-2: Strikes out looking
Batting: RHB Yolbert Sanchez 0-0: Ball
1-0: Ball
2-0: Foul Ball, location: 9LDF
2-1: Swinging Strike
2-2: Strikes out swinging
Top of the 2nd over - 0 runs, 0 hits, 0 errors, 0 left on base; Baltimore 0 - Miami 0
BOTTOM OF THE 2ND
Miami Marlins batting - Pitching for Baltimore Orioles : RHP Sean Burke
Batting: SHB Carlos Santana 0-0: Ball
1-0: Ball
2-0: Swinging Strike
2-1: Swinging Strike
2-2: Strikes out looking
Batting: RHB Bryan Lavastida 0-0: Ball
1-0: Swinging Strike
1-1: Called Strike
1-2: Foul Ball, location: 3DF
1-2: Strikes out swinging
Batting: RHB Santiago Espinal 0-0: Called Strike
0-1: Swinging Strike
0-2: Strikes out swinging
Bottom of the 2nd over - 0 runs, 0 hits, 0 errors, 0 left on base; Baltimore 0 - Miami 0
TOP OF THE 3RD
Baltimore Orioles batting - Pitching for Miami Marlins : RHP Thomas Parsons
Batting: SHB Cole Tucker 0-0: Ball
1-0: Ground out 5-3 (Groundball, 56, EV 80.0 MPH)
Batting: RHB Jorge Alfaro 0-0: Swinging Strike
0-1: Ball
1-1: SINGLE (Flyball, 9LS, EV 95.0 MPH)
Batting: LHB Michael Brantley 0-0: Ball
1-0: Called Strike
1-1: Foul Ball, location: 7LSF
1-2: Ball
2-2: Ground out 6-3 (Groundball, 6M, EV 107.5 MPH)
Jorge Alfaro to second
Batting: RHB Michael Stefanic 0-0: Foul Ball, location: 2F
0-1: DOUBLE (Flyball, 78D, EV 93.8 MPH)
Jorge Alfaro scores
Batting: LHB Jake Fraley 0-0: Ball
1-0: Foul Ball, location: 5FF
1-1: Called Strike
1-2: Strikes out swinging
Top of the 3rd over - 1 run, 2 hits, 0 errors, 1 left on base; Baltimore 1 - Miami 0
BOTTOM OF THE 3RD
Miami Marlins batting - Pitching for Baltimore Orioles : RHP Sean Burke
Batting: LHB Garrett Stubbs 0-0: Swinging Strike
0-1: Swinging Strike
0-2: Strikes out swinging
Batting: LHB Andres Gimenez 0-0: Ball
1-0: Foul Ball, location: 2F
1-1: Ball
2-1: Ball
3-1: Base on Balls
Batting: RHB Delvin Perez 0-0: Called Strike
Andres Gimenez steals 2nd base
0-1: Ball
1-1: Ball
2-1: Ball
3-1: Ground out 4-3 (Groundball, 4S, EV 71.3 MPH)
Andres Gimenez to third
Batting: RHB Mark Canha 0-0: Called Strike
0-1: Foul Ball, location: 2F
0-2: Foul Ball, location: 2F
0-2: Foul Ball, location: 23F
0-2: Strikes out looking
Bottom of the 3rd over - 0 runs, 0 hits, 0 errors, 1 left on base; Baltimore 1 - Miami 0
TOP OF THE 4TH
Baltimore Orioles batting - Pitching for Miami Marlins : RHP Thomas Parsons
Batting: LHB Matt Koperniak 0-0: Swinging Strike
0-1: Ball
1-1: Ball
2-1: Ball
3-1: Base on Balls
Batting: RHB Travis d'Arnaud 0-0: Ball
1-0: Grounds into double play, 3-6-1 (Groundball, 34, EV 93.8 MPH)
Batting: RHB Alfredo Rodriguez 0-0: Foul Ball, location: 2F
0-1: Ball
1-1: Swinging Strike
1-2: Ball
2-2: Ball
3-2: Foul Ball, location: 9LSF
3-2: SINGLE (Groundball, 4M, EV 100.0 MPH) (infield hit)
Batting: RHB Yolbert Sanchez 0-0: Ball
1-0: Ball
2-0: Foul Ball, location: 3FF
2-1: DOUBLE (Flyball, 89XD, EV 96.9 MPH)
Alfredo Rodriguez to third
Runner from 3rd tries for Home, SAFE, throw by CF to trailing runner, SAFE at third!
Batting: SHB Cole Tucker 0-0: Called Strike
0-1: Foul Ball, location: 2F
0-2: Strikes out looking
Top of the 4th over - 1 run, 2 hits, 0 errors, 1 left on base; Baltimore 2 - Miami 0
BOTTOM OF THE 4TH
Miami Marlins batting - Pitching for Baltimore Orioles : RHP Sean Burke
Batting: LHB Jason Heyward 0-0: Called Strike
0-1: Fly out, F8 (Flyball, 8LM, EV 87.5 MPH)
Batting: RHB Evan Longoria 0-0: Foul Ball, location: 25FF
0-1: Foul Ball, location: 2F
0-2: Ball
1-2: Ground out 5-3 (Groundball, 5L, EV 96.9 MPH)
Batting: SHB Carlos Santana 0-0: Ball
1-0: Ball
2-0: Ball
3-0: Called Strike
3-1: Foul Ball, location: 2F
3-2: Reached on error, E6 (Groundball, 6M, EV 98.8 MPH)
Batting: RHB Bryan Lavastida 0-0: Called Strike
0-1: Ball
1-1: Fly out, F6 (Line Drive, 6, EV 70.0 MPH)
Bottom of the 4th over - 0 runs, 0 hits, 1 error, 1 left on base; Baltimore 2 - Miami 0
TOP OF THE 5TH
Baltimore Orioles batting - Pitching for Miami Marlins : RHP Thomas Parsons
Pitching: RHP Cody Stashak
Batting: RHB Jorge Alfaro 0-0: Hit by Pitch
Pinch Hitting: RHB Daz Cameron 0-0: Sac Bunt to 15S - play at first, batter OUT! 1-3
Jorge Alfaro to second
Batting: RHB Michael Stefanic 0-0: Called Strike
0-1: SINGLE (Line Drive, 56D, EV 101.3 MPH)
Jorge Alfaro to third
Pinch Hitting: RHB Chris Taylor 0-0: Ball
1-0: Ball
2-0: Ball
3-0: Base on Balls
Michael Stefanic to second
Pinch Hitting: RHB Evan White 0-0: Grounds into fielders choice 6-2 (Groundball, P, EV 76.9 MPH)
Michael Stefanic to third
Chris Taylor to second
Batting: SHB Abraham Toro 0-0: Ball
1-0: Ball
2-0: Foul Ball, location: 3FF
2-1: Ball
3-1: Foul Ball, location: 2F
3-2: Base on Balls
Michael Stefanic scores
Chris Taylor to third
Evan White to second
Batting: RHB Alfredo Rodriguez 0-0: Ball
1-0: Foul Ball, location: 23F
1-1: Foul Ball, location: 9LSF
1-2: Foul Ball, location: 3SF
1-2: Strikes out swinging
Top of the 5th over - 1 run, 1 hit, 0 errors, 3 left on base; Baltimore 3 - Miami 0
BOTTOM OF THE 5TH
Miami Marlins batting - Pitching for Baltimore Orioles : RHP Sean Burke
Pitching: RHP Justin Slaten
Now at 1B: Evan White
Now in LF: Chris Taylor
Now in CF: Daz Cameron
Now in RF: Khalil Lee
Batting: RHB Santiago Espinal 0-0: Called Strike
0-1: Ground out 4-3 (Groundball, 4, EV 106.3 MPH)
Batting: LHB Garrett Stubbs 0-0: Ball
1-0: Ball
2-0: Called Strike
2-1: Ball
3-1: Base on Balls
Batting: LHB Andres Gimenez 0-0: Ball
1-0: Foul Ball, location: 2RF
1-1: Fly out, F4 (Popup, 4MD, EV 62.5 MPH)
Pinch Hitting: SHB Luis Garcia 0-0: Ball
1-0: Ball
2-0: Foul Ball, location: 5FF
2-1: Foul Ball, location: 5F
2-2: Strikes out swinging
Bottom of the 5th over - 0 runs, 0 hits, 0 errors, 1 left on base; Baltimore 3 - Miami 0
TOP OF THE 6TH
Baltimore Orioles batting - Pitching for Miami Marlins : RHP Cody Stashak
Pitching: RHP Yimi Garcia
Now at C: Nick Fortes
Now at 3B: Josh Donaldson
Now at SS: Luis Garcia
Now in RF: Seth Brown
Pinch Hitting: RHB Edmundo Sosa 0-0: SINGLE (Groundball, 4MD, EV 103.8 MPH)
Pinch Hitting: RHB Danny Mendick 0-0: Called Strike
0-1: Ball
1-1: Fielders Choice at 2nd, 5-4 (Groundball, 5L, EV 90.6 MPH)
Pinch Hitting: RHB Ronaiker Palma 0-0: Fly out, F5 (Popup, 5, EV 61.3 MPH)
Batting: RHB Daz Cameron 0-0: Foul Ball, location: 2F
0-1: Called Strike
0-2: Ball
1-2: Foul Ball, location: 3SF
1-2: Foul Ball, location: 3DF
1-2: Foul Ball, location: 9LSF
1-2: SINGLE (Line Drive, 78M, EV 92.5 MPH)
Danny Mendick to second
Batting: LHB Khalil Lee 0-0: Ball
1-0: Ball
2-0: Ball
3-0: Base on Balls
Danny Mendick to third
Daz Cameron to second
Batting: RHB Chris Taylor 0-0: Swinging Strike
0-1: Ball
1-1: Ball
2-1: Foul Ball, location: 23F
2-2: Ball
3-2: Foul Ball, location: 9LSF
3-2: Foul Ball, location: 2F
3-2: Foul Ball, location: 2F
3-2: Foul Ball, location: 9LDF
3-2: Base on Balls
Danny Mendick scores
Daz Cameron to third
Khalil Lee to second
Pitching: LHP Justus Sheffield
Batting: RHB Evan White 0-0: Foul Ball, location: 2F
0-1: Ball
1-1: Foul Ball, location: 23F
1-2: Ball
2-2: Strikes out swinging
Top of the 6th over - 1 run, 2 hits, 0 errors, 3 left on base; Baltimore 4 - Miami 0
BOTTOM OF THE 6TH
Miami Marlins batting - Pitching for Baltimore Orioles : RHP Justin Slaten
Pitching: RHP Zach Haake
Now at C: Luis Torrens
Now at 2B: Edmundo Sosa
Now at 3B: Danny Mendick
Pinch Hitting: RHB Clint Frazier 0-0: Called Strike
0-1: Foul Ball, location: 23F
0-2: Strikes out swinging
Pinch Hitting: SHB Dylan Carlson 0-0: Swinging Strike
0-1: Ball
1-1: Foul Ball, location: 2F
1-2: Ball
2-2: Ball
3-2: Strikes out looking
Pinch Hitting: LHB Mike Moustakas 0-0: Ball
1-0: Fly out, F9 (Flyball, 9, EV 97.5 MPH)
Bottom of the 6th over - 0 runs, 0 hits, 0 errors, 0 left on base; Baltimore 4 - Miami 0
TOP OF THE 7TH
Baltimore Orioles batting - Pitching for Miami Marlins : LHP Justus Sheffield
Now at 1B: Mike Moustakas
Now in LF: Clint Frazier
Now in CF: Dylan Carlson
Batting: SHB Abraham Toro 0-0: DOUBLE (Line Drive, 78D, EV 109.4 MPH)
Pinch Hitting: RHB Dalton Guthrie 0-0: Ball
1-0: Hit by Pitch
Batting: RHB Edmundo Sosa 0-0: Ball
1-0: Bunted foul
1-1: Bunted foul
1-2: Foul Ball, location: 2F
1-2: Ball
2-2: Fly out, F4 (Line Drive, 4, EV 66.3 MPH)
Lined into DP, 4-6 (Line Drive, 4, EV 66.3 MPH)
Batting: RHB Danny Mendick 0-0: Ball
1-0: Ball
2-0: Foul Ball, location: 25F
2-1: Swinging Strike
2-2: Ball
3-2: Strikes out swinging
Top of the 7th over - 0 runs, 1 hit, 0 errors, 1 left on base; Baltimore 4 - Miami 0
BOTTOM OF THE 7TH
Miami Marlins batting - Pitching for Baltimore Orioles : RHP Zach Haake
Now at SS: Cesar Prieto
Batting: RHB Ty France 0-0: Ball
1-0: Ball
2-0: Swinging Strike
2-1: Ball
3-1: Base on Balls
Batting: RHB Josh Donaldson 0-0: Ball
1-0: Foul Ball, location: 7LSF
1-1: Ball
2-1: Called Strike
2-2: Foul Ball, location: 5F
2-2: SINGLE (Flyball, 8LS, EV 91.3 MPH)
Ty France to second
Pitching: LHP JP Sears
Batting: LHB Seth Brown 0-0: Ball
1-0: Ball
2-0: Ball
3-0: Base on Balls
Ty France to third
Josh Donaldson to second
Batting: RHB Nick Fortes 0-0: Ball
1-0: Foul Ball, location: 2F
1-1: Foul Ball, location: 2F
1-2: Ball
2-2: Ball
3-2: Fly out, F7 (Flyball, 7S, EV 93.8 MPH)
Pinch Hitting: RHB Jorge Mateo 0-0: Ball
1-0: SINGLE (Flyball, 4D, EV 97.5 MPH)
Ty France scores
Josh Donaldson to third
Seth Brown to second
Pitching: RHP Joel Payamps
Pinch Hitting: RHB Christian Arroyo 0-0: SINGLE (Groundball, 56, EV 109.4 MPH)
Josh Donaldson scores
Seth Brown to third
Jorge Mateo to second
Runner from 3rd tries for Home, SAFE, throw by LF to home
Pinch Hitting: LHB Yohendrick Pinango 0-0: Ball
1-0: Fly out, F4 (Popup, 4MD, EV 57.5 MPH)
Batting: SHB Dylan Carlson 0-0: Called Strike
0-1: Ball
1-1: Swinging Strike
1-2: DOUBLE (Groundball, 3L, EV 94.4 MPH)
Jorge Mateo scores
Christian Arroyo to third
Runner from 3rd tries for Home, SAFE, throw by RF to trailing runner, SAFE at third!
Batting: LHB Mike Moustakas Balk!
Dylan Carlson scores
0-0: Foul Ball, location: 2F
0-1: Called Strike
0-2: Ball
1-2: Strikes out swinging
Bottom of the 7th over - 6 runs, 4 hits, 0 errors, 0 left on base; Baltimore 4 - Miami 6
TOP OF THE 8TH
Baltimore Orioles batting - Pitching for Miami Marlins : LHP Justus Sheffield
Now at 2B: Christian Arroyo
Now at SS: Jorge Mateo
Now in LF: Cavan Biggio
Batting: RHB Luis Torrens 0-0: Ball
1-0: Ball
2-0: Called Strike
2-1: Fly out, F7 (Flyball, 7LS, EV 93.8 MPH)
Pinch Hitting: LHB Ismael Munguia 0-0: Called Strike
0-1: Foul Ball, location: 7LSF
0-2: Strikes out swinging
Pinch Hitting: RHB Jhonny Pereda 0-0: Ball
1-0: Called Strike
1-1: Called Strike
1-2: Ball
2-2: Strikes out looking
Top of the 8th over - 0 runs, 0 hits, 0 errors, 0 left on base; Baltimore 4 - Miami 6
BOTTOM OF THE 8TH
Miami Marlins batting - Pitching for Baltimore Orioles : RHP Joel Payamps
Pitching: RHP Freddy Pacheco
Now in CF: Ismael Munguia
Now in RF: Luis Gonzalez
Batting: RHB Ty France 0-0: Hit by Pitch
Pinch Runner at 1st DJ Stewart:
Batting: RHB Josh Donaldson 0-0: Ball
1-0: Called Strike
1-1: Sac Bunt to 13S - play at first, batter OUT! 1-3
DJ Stewart to second
Batting: LHB Seth Brown 0-0: Called Strike
0-1: Ball
1-1: Fly out, F7 (Flyball, 7, EV 90.6 MPH)
Batting: RHB Nick Fortes 0-0: SINGLE (Line Drive, 4MD, EV 93.8 MPH)
DJ Stewart to third
Batting: RHB Jorge Mateo 0-0: Ball
1-0: Swinging Strike
1-1: Called Strike
1-2: Strikes out looking
Bottom of the 8th over - 0 runs, 1 hit, 0 errors, 2 left on base; Baltimore 4 - Miami 6
TOP OF THE 9TH
Baltimore Orioles batting - Pitching for Miami Marlins : LHP Justus Sheffield
Pitching: RHP Carlos Vargas
Pinch Hitting: LHB Tyler Naquin 0-0: Ball
1-0: Ball
2-0: Foul Ball, location: 5SF
2-1: Swinging Strike
2-2: Ball
3-2: Strikes out looking
Pinch Hitting: LHB Jake Alu 0-0: Called Strike
0-1: Called Strike
0-2: Ball
1-2: Ball
2-2: Foul Ball, location: 2F
2-2: Ball
3-2: Fly out, F7 (Flyball, 7D, EV 75.6 MPH)
Batting: RHB Jose Altuve 0-0: Ball
1-0: Called Strike
1-1: Ball
2-1: Swinging Strike
2-2: SINGLE (Line Drive, 9LM, EV 106.9 MPH)
Batting: LHB Cesar Prieto 0-0: Foul Ball, location: 2F
0-1: Swinging Strike
0-2: Foul Ball, location: 2F
0-2: Ball
1-2: Ball
2-2: Foul Ball, location: 7LDF
2-2: Ball
3-2: Ground out 4-3 (Groundball, 4, EV 82.5 MPH)
Top of the 9th over - 0 runs, 1 hit, 0 errors, 1 left on base; Baltimore 4 - Miami 6
Wednesday, January 10th , 2024 - OOTP Baseball 24.11 Build 85